[Event "Early-Titled-Tuesday-Blitz-October-17-2023"]
[Site "Chess.com"]
[Date "2023.10.17"]
[Round "10"]
[White "Mykola-Bortnyk"]
[Black "I_am_Javi"]
[Result "1/2-1/2"]
[WhiteElo "2987"]
[BlackElo "2782"]
[TimeControl "180+1"]
[EndTime "10:01:45 PDT"]
[Termination "Game drawn by stalemate"]

1. e4 e5 2. Nf3 Nc6 3. Bb5 f5 4.
Nc3 Nf6 5. d4 exd4 6. Nxd4 fxe4 7. Bg5 Bb4 8. O-O Bxc3 9. bxc3 O-O 10. f3 Ne5 11. fxe4 d6 12. Qe2 h6 13. Bh4 Qe7 14. h3 Kh8 15. Rf2 Ng6 16. Bg3 Bd7 17. Bd3 Rae8 18. Raf1 Ne5 19. Bh4 Rf7 20. Bxf6 Rxf6 21. Rxf6 gxf6 22. Qe3 Qg7 23. Rf4 Rg8 24. Bf1 Qg5 25.
Nf3 Nxf3+ 26. Qxf3 Rg6 27. Kh2 Kg7 28. g3 Be6 29. a4 Qa5 30. Bd3 Qe5 31. Qf2 c5 32. Rf3 h5 33. Rf4 b6 34. Be2 Kh6 35. Rh4 Rg5 36.
Rf4 Rg6 37. c4 Kg7 38. Qf3 Kh6 39. Rh4 Rg5 40. Rf4 Kg7 41. c3 Bf7 42. h4 Rg4 43.
Rxg4+ hxg4 44. Qxg4+ Kf8 45. Qf4 Qxc3 46. Qxd6+ Kg7 47.
Qd7 Qc2 48. Qg4+ Kf8 49. Kh3 Bxc4 50. Qc8+ Kg7 51. Qd7+ Kf8 52. Bf3 Bf7 53. Qxa7 Qb3 54. a5 Qxf3 55. Qxb6 Qh1+ 56. Kg4 Qd1+ 57. Kf4 Qf1+ 58.
Kg4 Qd1+ 59. Kf4 Qd4 60. a6 Kg7 61. a7 Qf2+ 62. Kg4 Qe2+ 63. Kf4 Qf1+ 64. Kg4 Qd1+ 65. Kf4 Qc1+ 66. Kf3 Qd1+ 67. Ke3 Qe1+ 68. Kf3 Qf1+ 69. Ke3 Qe1+ 70. Kf3 Bh5+ 71. g4 Qf1+ 72. Ke3 Qc1+ 73.
Kd3 c4+ 74. Kd4 Qg1+ 75. Kxc4 Qxb6 76. a8=Q Bf7+ 77. Kd3 Qb3+ 78. Kd4 Qb2+ 79. Ke3 Qc1+ 80. Kf2 Qd2+ 81. Kf3 Qd3+ 82. Kf2 Qd2+ 83. Kf3 Qd1+ 84. Kg3 Qg1+ 85. Kh3 Qe3+ 86. Kg2 Qf4 87. g5 fxg5 88. hxg5 Qxg5+ 89. Kf3 Bh5+ 90. Kf2 Qf4+ 91. Kg1 Qg3+ 92.
Kf1 Qd3+ 93. Kf2 Qe2+ 94. Kg1 Qe3+ 95. Kh2 Qf2+ 96. Kh3 Qf3+ 97. Kh2 Qf4+ 98. Kg1 Qg3+ 99. Kf1 Qd3+ 100. Kg1 Qe3+ 101. Kg2 Bf3+ 102. Kg3 Bxe4+ 103. Kh2 Bxa8 1/2-1/2

[Event "Early-Titled-Tuesday-Blitz-October-17-2023"]
[Site "Chess.com"]
[Date "2023.10.17"]
[Round "10"]
[White "karinachess1"]
[Black "ckgchess"]
[Result "0-1"]
[WhiteElo "2614"]
[BlackElo "2878"]
[TimeControl "180+1"]
[EndTime "10:02:09 PDT"]
[Termination "ckgchess won by resignation"]

1. d4 Nf6 2. c4 e6 3. Nc3 Bb4 4. Qc2 d5 5. a3 Bxc3+ 6. Qxc3 O-O 7. Nf3 dxc4 8. Qxc4 b6 9. g3 Ba6 10. Qc2 c5 11. dxc5 Nbd7 12. c6 Rc8 13. Bg2 Nb8 14.
Bf4 Nxc6 15. Qa4 Bb7 16. Rd1 Nd5 17. e4 Nxf4 18. Rxd8 Nxg2+ 19. Kf1 Ne3+ 20. fxe3 Rfxd8 21. Kf2 Na5 22. Rd1 Rf8 23. Ne5 f6 24. Nf3 Bc6 25.
Qb4 Rfe8 26. Rd6 Nb7 27. Rd1 Nc5 28. Qd4 Nxe4+ 29. Kg1 Nc5 30. Rf1 Rcd8 31. Qg4 Rd3 32. Nd4 Bd7 33. b4 e5 34. Qe2 exd4 35. bxc5 Rdxe3 36.
Qc4+ Be6 37. Qxd4 Bh3 38. c6 Bxf1 39. Kxf1 R3e7 40. Qd5+ Kh8 41. Qd6 Rf7 42. Kf2 Rc8 43. a4 Rfc7 44. h4 Rxc6 45. Qd7 R6c7 46. Qd6 h6 47.
Kg2 Rc2+ 48. Kh3 R2c6 49. Qd7 R6c7 50. Qd6 f5 51. Qe6 Rf8 52. Qe5 Rcf7 53. Qf4 Re7 54.
Qd6 Rff7 55. Qb8+ Kh7 56. Qf4 Re4 57. Qf3 Rxa4 58. h5 Rg4 59. Qc6 Rf6 60. Qe8 a5 61. Qb8 a4 62. Qa8 b5 63. Qa5 Rg5 64. Qxb5 Rxh5+ 65. Kg2 Rg5 66. Qxa4 f4 67. Qc2+ Rff5 68. g4 Rxg4+ 69. Kf2 Rg5 70. Kf3 Kg6 71. Qc6+ Kh5 72. Qe4 Rg3+ 73. Kf2 g6 74. Qh1+ Kg5 75. Qe4 h5 76. Qe7+ Kg4 77. Qe2+ Kh4 78. Qe4 Rg4 79. Qh1+ Kg5 80. Qb7 Rf6 81. Qe7 f3 82. Qe3+ Rgf4 83. Qe5+ Kg4 84. Qe1 Kf5 85. Qb1+ Kg5 86. Qg1+ Rg4 87.
Qc1+ Rff4 88. Qc5+ Rf5 89. Qe7+ Kh6 90. Qe3+ Rgg5 91.
Qe8 Rg2+ 92. Kf1 f2 93. Qe3+ Kg7 94. Qe7+ Kg8 95. Qe8+ Kh7 96. Qe7+ Kh6 97. Qe3+ Rgg5 98. Qe8 Rg1+ 99. Ke2 f1=Q+ 100. Kd2 Qd1+ 101. Kc3 Qe1+ 102. Kc4 Qxe8 103. Kb3 Qc6 0-1

[Event "Early-Titled-Tuesday-Blitz-October-17-2023"]
[Site "Chess.com"]
[Date "2023.10.17"]
[Round "11"]
[White "eightbyeightchess"]
[Black "DTChess"]
[Result "1-0"]
[WhiteElo "2449"]
[BlackElo "2575"]
[TimeControl "180+1"]
[EndTime "10:04:18 PDT"]
[Termination "eightbyeightchess won by resignation"]

1. e4 c6 2. d4 d5 3. exd5 cxd5 4. c4 Nf6 5. Nc3 e6 6. Nf3 Be7 7. cxd5 Nxd5 8. Bd3 O-O 9. O-O Nf6 10. Bc2 Nbd7 11.
Qd3 Nb6 12. Ne5 Nbd5 13. a3 b6 14. Nc6 Qd7 15. Nxd5 exd5 16. Nxe7+ Qxe7 17. Bg5 h6 18. Bxf6 1-0

[Event "Early-Titled-Tuesday-Blitz-October-17-2023"]
[Site "Chess.com"]
[Date "2023.10.17"]
[Round "11"]
[White "DrCeltic"]
[Black "falzehope0"]
[Result "1-0"]
[WhiteElo "2538"]
[BlackElo "2327"]
[TimeControl "180+1"]
[EndTime "10:05:24 PDT"]
[Termination "DrCeltic won by resignation"]

1. e4 d5 2. exd5 Nf6 3. c4 e6 4. d4 Bb4+ 5. Nc3 exd5 6. Nf3 Ne4 7. Qb3 Nc6 8. cxd5 Bxc3+ 9. bxc3 Qxd5 10. Qxd5 Nxc3 11. Qc4 Ne4 12. Ba3 Bd7 13. d5 Nxf2 14.
Kxf2 O-O-O 15. dxc6 Bxc6 16. Bd3 Rhe8 17. Rab1 f6 18. Bf5+ Bd7 19. Rhc1 c6 20. Bxd7+ Rxd7 21. Rd1 Rde7 22. Re1 Rxe1 23. Rxe1 Rxe1 24. Kxe1 Kc7 25. Bc5 b6 26. Qf7+ Kc8 27. Bd6 Kd8 28. Qe7+ 1-0

[Event "Early-Titled-Tuesday-Blitz-October-17-2023"]
[Site "Chess.com"]
[Date "2023.10.17"]
[Round "11"]
[White "Laico"]
[Black "Journey_to_GrandMaster_YT"]
[Result "0-1"]
[WhiteElo "2443"]
[BlackElo "2611"]
[TimeControl "180+1"]
[EndTime "10:06:15 PDT"]
[Termination "Journey_to_GrandMaster_YT won by resignation"]

1. e4 d6 2. d4 Nf6 3. Nc3 e5 4. dxe5 dxe5 5. Qxd8+ Kxd8 6. Bg5 c6 7. O-O-O+ Ke8 8. f4 Nbd7 9. Nf3 h6 10. Bxf6 gxf6 11. f5 b5 12. Bd3 h5 13. Kb1 a5 14. g3 Nc5 15. Ne2 Bh6 16. Nc1 a4 17. a3 Ke7 18.
Na2 Rd8 19. Nb4 Bb7 20. Rhf1 Rd7 21. Ng1 Rad8 22. Rf3 Nxe4 23. Ka2 c5 24. Bxe4 Bxe4 25. Rxd7+ Rxd7 0-1

[Event "Early-Titled-Tuesday-Blitz-October-17-2023"]
[Site "Chess.com"]
[Date "2023.10.17"]
[Round "11"]
[White "ivana_999"]
[Black "sofaceindisguise"]
[Result "0-1"]
[WhiteElo "2078"]
[BlackElo "2733"]
[TimeControl "180+1"]
[EndTime "10:06:19 PDT"]
[Termination "sofaceindisguise won by resignation"]

1. d4 Nf6 2. c4 e6 3. Nc3 d5 4.
Bg5 Bb4 5. cxd5 exd5 6. e3 Nbd7 7. Bd3 h6 8. Bh4 c6 9. Ne2 O-O 10. O-O Re8 11. a3 Be7 12. Qc2 b6 13. b4 Bb7 14.
Rac1 Nf8 15. Nf4 g5 16. Bg3 gxf4 17. Bxf4 Kg7 18. g4 Ne6 19. g5 hxg5 20. Bxg5 Nxg5 21. Kh1 Kf8 22. Rg1 Nge4 23. Bxe4 dxe4 24. Nxe4 c5 25. f3 Nxe4 26. fxe4 cxd4 27. Qg2 Bf6 28. Qg8+ Ke7 29. Qg4 Qd7 30. Qf4 Rac8 31. exd4 Qxd4 32. Rcd1 Qxe4+ 0-1

[Event "Early-Titled-Tuesday-Blitz-October-17-2023"]
[Site "Chess.com"]
[Date "2023.10.17"]
[Round "11"]
[White "ExcitingTrap"]
[Black "campochess"]
[Result "1-0"]
[WhiteElo "2394"]
[BlackElo "2174"]
[TimeControl "180+1"]
[EndTime "10:06:20 PDT"]
[Termination "ExcitingTrap won by resignation"]

1. e4 c5 2. Nf3 Nc6 3. d4 cxd4 4.
Nxd4 e5 5. Nb5 a6 6. Nd6+ Bxd6 7.
Qxd6 Qe7 8. Qd1 Nf6 9. Nc3 h6 10. a4 d6 11. Be2 Be6 12. O-O Rd8 13. Nd5 Bxd5 14. exd5 Nb8 15. Be3 Nbd7 16. c4 Rc8 17. b4 a5 18. bxa5 Nc5 19. Rb1 Rc7 20. Bxc5 Rxc5 21.
a6 Rc7 22. c5 Ne4 23. c6 bxc6 24. Rb8+ Kd7 25. Bg4+ 1-0

[Event "Early-Titled-Tuesday-Blitz-October-17-2023"]
[Site "Chess.com"]
[Date "2023.10.17"]
[Round "11"]
[White "pinguino120"]
[Black "Resignify"]
[Result "0-1"]
[WhiteElo "2207"]
[BlackElo "2339"]
[TimeControl "180+1"]
[EndTime "10:06:21 PDT"]
[Termination "Resignify won by resignation"]

1. e4 d6 2. d4 Nf6 3. Nc3 g6 4.
Nf3 Bg7 5. Be2 O-O 6. O-O Nc6 7. d5 Nb8 8. Be3 c6 9. a4 Nbd7 10. a5 c5 11. Nd2 Ne5 12. h3 Ne8 13. f4 Nd7 14. Nc4 Rb8 15. e5 dxe5 16. f5 Nd6 17. Bh6 Bxh6 0-1

[Event "Early-Titled-Tuesday-Blitz-October-17-2023"]
[Site "Chess.com"]
[Date "2023.10.17"]
[Round "11"]
[White "Bauman_Guy"]
[Black "Yeremyan_ChessMate"]
[Result "1-0"]
[WhiteElo "2868"]
[BlackElo "2750"]
[TimeControl "180+1"]
[EndTime "10:06:26 PDT"]
[Termination "Bauman_Guy won by resignation"]

1. e4 c5 2. Nf3 Nc6 3. d4 cxd4 4.
Nxd4 Nf6 5. Nc3 e5 6. Ndb5 d6 7.
Bg5 a6 8. Na3 b5 9. Bxf6 gxf6 10.
Nd5 f5 11. g3 Be6 12. exf5 Bxf5 13. Bg2 Rc8 14. c3 Bg7 15. Nc2 O-O 16. a4 Ne7 17. axb5 axb5 18. Nce3 Be6 19. O-O Ng6 20. Qh5 f5 21. Ra7 f4 22. Nc2 f3 23. Bxf3 Rf5 24.
Qh3 Qf8 25. Bg4 Rc5 26. Nde3 e4 27. Nd4 1-0

[Event "Early-Titled-Tuesday-Blitz-October-17-2023"]
[Site "Chess.com"]
[Date "2023.10.17"]
[Round "11"]
[White "Cheer_Down"]
[Black "Let_it_be_1"]
[Result "0-1"]
[WhiteElo "2523"]
[BlackElo "2640"]
[TimeControl "180+1"]
[EndTime "10:06:26 PDT"]
[Termination "Let_it_be_1 won by resignation"]

1. e4 e6 2. d4 d5 3. Nc3 Nf6 4. e5 Nfd7 5. f4 c5 6. Nf3 Nc6 7. Be3 Qb6 8. Na4 Qa5+ 9. c3 b6 10. Bd2 c4 11. b4 Nxb4 12. cxb4 Bxb4 13. Bxb4 Qxb4+ 14. Nd2 c3 15. Nxc3 Qxc3 16. Rc1 Qxd4 17. Bb5 O-O 18. Rxc8 Raxc8 19. Bxd7 Qe3+ 20. Kf1 Qxf4+ 0-1

[Event "Early-Titled-Tuesday-Blitz-October-17-2023"]
[Site "Chess.com"]
[Date "2023.10.17"]
[Round "11"]
[White "wqws"]
[Black "Cambek64"]
[Result "1/2-1/2"]
[WhiteElo "2613"]
[BlackElo "2448"]
[TimeControl "180+1"]
[EndTime "10:06:28 PDT"]
[Termination "Game drawn by repetition"]

1. e4 e6 2. Nf3 d5 3. Nc3 Nf6 4. e5 Nfd7 5. d4 c5 6. dxc5 Nc6 7. Bf4 Nxc5 8. Bd3 Be7 9. O-O Nxd3 10. Qxd3 O-O 11. Ne2 Bd7 12. Ned4 Rc8 13. c3 Qb6 14. Rab1 a6 15. h4 Nxd4 16. Nxd4 Bb5 17. Nxb5 Qxb5 18.
Qg3 Rfd8 19. h5 Bf8 20. Bh6 Qe8 21. Bxg7 Bxg7 22. h6 Qf8 23. Rbd1 Kh8 24. hxg7+ Qxg7 25. Qxg7+ Kxg7 26. Rd4 Rc4 27. Rfd1 Rdc8 28. f4 b5 29. a3 h5 30. Kf2 Kg6 31. Kf3 Rxd4 32. Rxd4 Rc4 33.
g4 hxg4+ 34. Kxg4 Rxd4 35. cxd4 f5+ 36. exf6 Kxf6 37. f5 exf5+ 38. Kf4 Ke6 39. Kg5 a5 40. b3 b4 41. a4 f4 42. Kxf4 Kf6 43. Kg4 Kg6 44.
Kf4 Kf6 45. Kg4 Kg6 46. Kf4 Kf6 1/2-1/2

[Event "Early-Titled-Tuesday-Blitz-October-17-2023"]
[Site "Chess.com"]
[Date "2023.10.17"]
[Round "11"]
[White "Casper"]
[Black "dosto07"]
[Result "1-0"]
[WhiteElo "2423"]
[BlackElo "2535"]
[TimeControl "180+1"]
[EndTime "10:06:42 PDT"]
[Termination "Casper won by resignation"]

1. e4 e5 2. d4 exd4 3. Qxd4 Nc6 4. Qe3 Nf6 5. Nc3 Bb4 6. Bd2 O-O 7. O-O-O d5 8. exd5 Nxd5 9. Nxd5 Qxd5 10. Bxb4 Qxa2 11. Bxf8 Bf5 12. Qa3 Qe6 13. Bc5 b6 14. Be3 a5 15.
Qb3 Qf6 16. Nf3 Nb4 17. Bd3 Be6 18. Bc4 Bf5 19. Bd4 Qg6 20. Ne5 Qg5+ 21. Be3 Qf6 22. Bxf7+ Kh8 23. Bd5 Bxc2 24. Qxc2 Nxc2 25. Bxa8 h5 26.
Rd8+ Kh7 27. Be4+ g6 28. Rd7+ Kg8 29. Bd5+ Kf8 30. Bh6+ Ke8 31. Bf7+ Qxf7 32. Rxf7 1-0

[Event "Early-Titled-Tuesday-Blitz-October-17-2023"]
[Site "Chess.com"]
[Date "2023.10.17"]
[Round "11"]
[White "Mesa_1"]
[Black "SAInt_666"]
[Result "0-1"]
[WhiteElo "2607"]
[BlackElo "2777"]
[TimeControl "180+1"]
[EndTime "10:07:08 PDT"]
[Termination "SAInt_666 won by resignation"]

1. e4 c5 2. Nf3 d6 3. Nc3 Nf6 4. d4 cxd4 5. Nxd4 Nc6 6. Bc4 Qb6 7. Nxc6 bxc6 8. O-O g6 9. Qe1 Bg7 10. e5 dxe5 11. Qxe5 Qb4 12. Bb3 O-O 13. a3 Qd6 14.
Bf4 Qxe5 15. Bxe5 Bf5 16. Rad1 Rfd8 17. f3 h5 18. Bc7 Rd7 19. Rxd7 Nxd7 20. Rd1 Nc5 21.
Rd8+ Rxd8 22. Bxd8 Kf8 23. Kf2 Nxb3 24. cxb3 Bc2 25. b4 Be5 26. h3 Ke8 27. Ba5 Bb3 28.
Ke3 f5 29. Ne2 Bxb2 30. Nf4 Bc1+ 0-1

[Event "Early-Titled-Tuesday-Blitz-October-17-2023"]
[Site "Chess.com"]
[Date "2023.10.17"]
[Round "11"]
[White "garicradomir"]
[Black "arminmusovic"]
[Result "1-0"]
[WhiteElo "2346"]
[BlackElo "2481"]
[TimeControl "180+1"]
[EndTime "10:07:11 PDT"]
[Termination "garicradomir won by resignation"]

1. e4 c6 2. d4 d5 3. exd5 cxd5 4.
Bd3 Nc6 5. c3 Nf6 6. Bf4 g6 7. Nd2 Bg7 8. h3 O-O 9. Ngf3 Re8 10.
O-O a6 11. Re1 Nd7 12. Nb3 Nf8 13. Qd2 f6 14. Bh6 b6 15. c4 e6 16. Bxg7 Kxg7 17.
Rac1 Bd7 18. cxd5 exd5 19. Rxe8 Qxe8 20. Re1 Qf7 21. Qf4 Nb4 22. Qd6 Nc6 23. a3 Ne6 24. h4 Nf8 25. h5 gxh5 26. Nh4 Re8 27. Rc1 Re6 28. Qg3+ Kh8 29. Bxa6 Re4 30. f3 Nxd4 31. fxe4 Nxb3 32. Qxb3 Be6 33. exd5 Bxd5 34. Bc4 1-0

[Event "Early-Titled-Tuesday-Blitz-October-17-2023"]
[Site "Chess.com"]
[Date "2023.10.17"]
[Round "11"]
[White "Witty_Alien"]
[Black "whiteglovethief"]
[Result "0-1"]
[WhiteElo "2239"]
[BlackElo "2624"]
[TimeControl "180+1"]
[EndTime "10:07:20 PDT"]
[Termination "whiteglovethief won on time"]

1. e4 e6 2. d4 d5 3. exd5 exd5 4. c4 Bb4+ 5. Nc3 Nf6 6. Nf3 O-O 7. Be2 dxc4 8. O-O Bg4 9. Bg5 Nc6 10. d5 Bxc3 11.
dxc6 Bxb2 12. cxb7 Rb8 13. Bxc4 Bxa1 14. Qxa1 Bxf3 15.
gxf3 Rxb7 16. Kh1 h6 17. Bh4 g5 18. Rg1 Kh8 19. Bxg5 hxg5 20. Rxg5 Rb6 21. Rh5+ Kg7 22. Qg1+ Ng4 23. Qxg4+ Rg6 24. Qf5 Qd1+ 0-1

[Event "Early-Titled-Tuesday-Blitz-October-17-2023"]
[Site "Chess.com"]
[Date "2023.10.17"]
[Round "11"]
[White "jraosam"]
[Black "venturov"]
[Result "0-1"]
[WhiteElo "2125"]
[BlackElo "2461"]
[TimeControl "180+1"]
[EndTime "10:07:21 PDT"]
[Termination "venturov won by resignation"]

1. d4 f5 2. Nf3 e6 3. g3 Nf6 4. Bg2 Be7 5. O-O Ne4 6. Nfd2 d5 7. f3 Nxd2 8. Nxd2 c5 9. c3 Nc6 10. Nb3 cxd4 11. Nxd4 e5 12. Nxc6 bxc6 13. e4 O-O 14. Be3 Be6 15. Qc2 Qd7 16. Rfd1 Rfd8 17. Bf2 Qb7 18.
b3 g6 19. Rd2 Bg5 20. Rdd1 Bf6 21. Rd2 fxe4 22. fxe4 d4 23. Rad1 c5 24. Bf3 Rac8 25.
c4 Kg7 26. h4 h6 27. g4 Qd7 28. g5 hxg5 29. hxg5 Bxg5 30. Rd3 Bf4 31. Bg2 Rh8 32. Qe2 Bg4 33. Bf3 Bh3 34. Bg2 Bxg2 35. Kxg2 Rh2+ 36. Kg1 Rch8 37. Qf3 R8h3 0-1

[Event "Early-Titled-Tuesday-Blitz-October-17-2023"]
[Site "Chess.com"]
[Date "2023.10.17"]
[Round "11"]
[White "Heinza9"]
[Black "Actuary44"]
[Result "0-1"]
[WhiteElo "2304"]
[BlackElo "2500"]
[TimeControl "180+1"]
[EndTime "10:07:34 PDT"]
[Termination "Actuary44 won by checkmate"]

1. e4 b6 2. d4 Bb7 3. Nc3 e6 4.
Nf3 Nf6 5. Bd3 Bb4 6. Qe2 d5 7. exd5 Nxd5 8. Bd2 Bxc3 9. bxc3 h6 10. c4 Nf6 11.
Bc3 Nbd7 12. O-O O-O 13. Rad1 c5 14. dxc5 Nxc5 15. Bh7+ Kxh7 16. Rxd8 Raxd8 17. Rd1 Be4 18. Bxf6 gxf6 19. h3 Rxd1+ 20. Qxd1 Rg8 21. Kh2 e5 22. Qd6 Ne6 23. Qe7 Bxf3 24. gxf3 Kg6 25. Qxa7 Nd4 26. Qxb6 Nxf3+ 27. Kg3 Nd4 28. f3 Nxc2 29. c5 Nd4 30. c6 Rc8 31. c7 Ne6 32. a4 Rxc7 33. a5 Rc2 34. Qb1 Nd4 35. a6 Nf5+ 36. Kg4 h5# 0-1

[Event "Early-Titled-Tuesday-Blitz-October-17-2023"]
[Site "Chess.com"]
[Date "2023.10.17"]
[Round "11"]
[White "rikchessmx"]
[Black "Balla_Tamas"]
[Result "1-0"]
[WhiteElo "2264"]
[BlackElo "2360"]
[TimeControl "180+1"]
[EndTime "10:07:49 PDT"]
[Termination "rikchessmx won by resignation"]

1. e4 c5 2. Nf3 Nc6 3. d4 cxd4 4. Nxd4 e5 5. Nxc6 bxc6 6. Bc4 Nf6 7. Qf3 Be7 8. O-O O-O 9. Nc3 Bb7 10. Rd1 d6 11.
Bb3 Qc7 12. Bg5 h6 13. Bh4 Rad8 14. Rd2 Rfe8 15. Rad1 d5 16. Bxf6 Bxf6 17. exd5 cxd5 18. Bxd5 e4 19. Qg3 Bxc3 20. Qxc3 Qb6 21. Bxb7 Rxd2 22. Rxd2 Qxb7 23. b3 Qb6 24. Qd4 Qa6 25. a4 Qg6 26. Qxa7 e3 27. fxe3 Qf6 28. Qd4 Qh4 29. Qxh4 1-0

[Event "Early-Titled-Tuesday-Blitz-October-17-2023"]
[Site "Chess.com"]
[Date "2023.10.17"]
[Round "11"]
[White "AvitalBor"]
[Black "Mykola-Bortnyk"]
[Result "0-1"]
[WhiteElo "2861"]
[BlackElo "2992"]
[TimeControl "180+1"]
[EndTime "10:07:58 PDT"]
[Termination "Mykola-Bortnyk won by checkmate"]

1. e4 Nf6 2. Nc3 d5 3. exd5 Nxd5 4. Nxd5 Qxd5 5. Nf3 Bg4 6. Be2 Nc6 7. h3 Bh5 8. d4 O-O-O 9. g4 Bg6 10. c4 Qe4 11. d5 e6 12. O-O exd5 13. Ng5 Qd4 14. Be3 Qxd1 15. Rfxd1 d4 16. Bf4 h6 17. Nf3 d3 18.
Bf1 Bc5 19. a3 Nd4 20. Ne5 Nb3 21. Rab1 d2 22. Nxg6 fxg6 23. Bg2 Bxf2+ 24. Kxf2 Rhf8 25. Be4 Rxf4+ 26. Ke3 g5 27. Bf5+ Kb8 28. Bc2 Re8+ 29. Kd3 Rf3# 0-1

[Event "Early-Titled-Tuesday-Blitz-October-17-2023"]
[Site "Chess.com"]
[Date "2023.10.17"]
[Round "11"]
[White "CuattroPrincesses"]
[Black "vishwa_vijeta"]
[Result "0-1"]
[WhiteElo "2284"]
[BlackElo "2499"]
[TimeControl "180+1"]
[EndTime "10:08:06 PDT"]
[Termination "vishwa_vijeta won by checkmate"]

1. e4 c5 2. Nf3 d6 3. d4 cxd4 4. Nxd4 Nf6 5. Nc3 g6 6. f3 Bg7 7. Be3 O-O 8. Qd2 Nc6 9. O-O-O d5 10. exd5 Nxd5 11. Nxc6 bxc6 12. Bd4 e5 13. Bc5 Re8 14.
Ne4 Qc7 15. h4 f5 16. Nd6 Rd8 17. Nxc8 Raxc8 18. Bc4 h5 19. g4 Kh7 20. Kb1 e4 21.
Qe1 Rb8 22. Bb3 fxg4 23. fxg4 Nf6 24. Rxd8 Rxd8 25. gxh5 Nxh5 26. Rg1 Qe5 27. Be3 Qxb2# 0-1

[Event "Early-Titled-Tuesday-Blitz-October-17-2023"]
[Site "Chess.com"]
[Date "2023.10.17"]
[Round "11"]
[White "Payyappat"]
[Black "LUISMIGUELOV"]
[Result "1-0"]
[WhiteElo "2464"]
[BlackElo "2183"]
[TimeControl "180+1"]
[EndTime "10:08:07 PDT"]
[Termination "Payyappat won on time"]

1. e4 c6 2. d4 d5 3. Nc3 dxe4 4. Nxe4 Bf5 5. Ng3 Bg6 6. Nf3 Nd7 7. h4 h6 8. Bd3 Bxd3 9. Qxd3 Ngf6 10. Bf4 Qa5+ 11. Bd2 Qb6 12. O-O-O e6 13. Ne5 Nxe5 14. dxe5 Ng4 15.
Ba5 Nxe5 16. Qd2 Qb5 17. f4 Be7 18. fxe5 O-O 19. Ne4 Qxe5 20. Rhe1 Bxh4 21. Re2 f5 22. Bc3 Qh2 23. g3 Qh3 24. gxh4 fxe4 25. Rg2 Rf7 26. Rdg1 Qxh4 27. Rxg7+ 1-0

[Event "Early-Titled-Tuesday-Blitz-October-17-2023"]
[Site "Chess.com"]
[Date "2023.10.17"]
[Round "11"]
[White "GMJustin"]
[Black "Flaccidmoves"]
[Result "1-0"]
[WhiteElo "2209"]
[BlackElo "2396"]
[TimeControl "180+1"]
[EndTime "10:08:11 PDT"]
[Termination "GMJustin won by resignation"]

1. d4 Nf6 2. c4 e6 3. Nf3 d5 4.
Nc3 Bb4 5. cxd5 exd5 6. Bg5 h6 7. Bh4 g5 8. Bg3 Ne4 9. Nd2 Nxc3 10. bxc3 Bxc3 11. Rc1 Bxd2+ 12. Qxd2 Nc6 13. h4 g4 14. h5 Bf5 15. Qf4 Qg5 16. Qxg5 hxg5 17. Bxc7 Nxd4 18.
Be5 Nc2+ 19. Rxc2 Bxc2 20. Bxh8 Ke7 21. Bd4 b5 22. e3 a6 23. Kd2 Be4 24. h6 f6 25. Bd3 Rh8 26. Bxe4 dxe4 27. h7 Kf7 28. Rh6 f5 29. Bxh8 1-0

[Event "Early-Titled-Tuesday-Blitz-October-17-2023"]
[Site "Chess.com"]
[Date "2023.10.17"]
[Round "11"]
[White "SashaKuzhilniy"]
[Black "CristianS27"]
[Result "1-0"]
[WhiteElo "2641"]
[BlackElo "2519"]
[TimeControl "180+1"]
[EndTime "10:08:22 PDT"]
[Termination "SashaKuzhilniy won by resignation"]

1. b3 e5 2. Bb2 Nc6 3. e3 Nf6 4. c4 d5 5. cxd5 Nxd5 6. a3 Bd6 7. Qc2 O-O 8. Nf3 Re8 9. d3 a5 10. Nbd2 Nd4 11. exd4 exd4+ 12. Kd1 Qe7 13. Ne4 f5 14.
Nxd6 Qxd6 15. Bxd4 Ra6 16. Bc5 Qf6 17. Bd4 Qd6 18. Be2 Rc6 19. Qb2 Nf4 20. Re1 Nxg2 21. Rg1 Nf4 22. Rxg7+ Kf8 23. Bf1 Be6 24. Rxh7 Qd5 25.
Bc5+ 1-0

[Event "Early-Titled-Tuesday-Blitz-October-17-2023"]
[Site "Chess.com"]
[Date "2023.10.17"]
[Round "11"]
[White "Lion-Al-Messi"]
[Black "Hovik_Hayrapetyan"]
[Result "0-1"]
[WhiteElo "2666"]
[BlackElo "2798"]
[TimeControl "180+1"]
[EndTime "10:08:26 PDT"]
[Termination "Hovik_Hayrapetyan won by resignation"]

1. e4 c5 2. Nf3 d6 3. d4 cxd4 4. Nxd4 Nf6 5. Nc3 a6 6. h3 e5 7. Nde2 h5 8. Bg5 Be6 9. g3 Nbd7 10. a4 Rc8 11. Bg2 Qc7 12. b3 Be7 13. O-O O-O 14. f4 exf4 15. gxf4 Rfe8 16. f5 Nf8 17. fxe6 Qc5+ 18. Qd4 Qxg5 19. exf7+ Kxf7 20. Nd5 Rxc2 21. Rf2 Ne6 22. Qd3 Qd2 23. Qf3 Kg8 24. Raf1 Nd4 25. Nxf6+ Bxf6 26. Qxh5 Re5 27. Nf4 Qxf4 28. Qg6 Qg5 29.
Qxg5 Rxg5 30. Rxc2 Nxc2 31. h4 Rxg2+ 0-1

[Event "Early-Titled-Tuesday-Blitz-October-17-2023"]
[Site "Chess.com"]
[Date "2023.10.17"]
[Round "11"]
[White "GM_Huschenbeth"]
[Black "RETURNOFTHELAGGER"]
[Result "0-1"]
[WhiteElo "2561"]
[BlackElo "2678"]
[TimeControl "180+1"]
[EndTime "10:08:28 PDT"]
[Termination "RETURNOFTHELAGGER won by resignation"]

1. e4 e6 2. d4 d5 3. Nc3 Bb4 4. e5 Ne7 5. a3 Bxc3+ 6. bxc3 c5 7. Qg4 Qc7 8. Bd3 c4 9. Be2 Nf5 10. h4 h5 11. Qh3 Nc6 12. Bg5 Qa5 13. Kf1 Qa4 14. Ra2 Bd7 15. g4 hxg4 16. Bxg4 Nfe7 17. Ne2 O-O-O 18. h5 Kb8 19. Ke1 Rdf8 20. h6 gxh6 21. Bxh6 Rfg8 22. Nf4 Rh7 23. Nxe6 fxe6 24. Bxe6 Bxe6 25.
Qxe6 Rgh8 26. Kd2 Qa5 27. Qd6+ Qc7 28. Raa1 Qxd6 29. exd6 Nf5 30. Bf4 Rxh1 31. d7+ Ka8 32. Rxh1 Rxh1 33. d8=Q+ Nxd8 0-1

[Event "Early-Titled-Tuesday-Blitz-October-17-2023"]
[Site "Chess.com"]
[Date "2023.10.17"]
[Round "11"]
[White "nelsi"]
[Black "Grossboss19"]
[Result "0-1"]
[WhiteElo "2307"]
[BlackElo "2493"]
[TimeControl "180+1"]
[EndTime "10:08:33 PDT"]
[Termination "Grossboss19 won by checkmate"]

1. e4 c6 2. d4 d5 3. Nc3 dxe4 4.
Bc4 Nf6 5. f3 exf3 6. Nxf3 e6 7.
O-O Be7 8. Qe1 O-O 9. Bd3 Nbd7 10.
Qh4 Re8 11. Be3 Nf8 12. Ng5 h6 13. Nxf7 Kxf7 14. Bxh6 gxh6 15. Qxh6 Qxd4+ 16. Kh1 Qg4 17. Rf4 Qg7 18. Qh5+ Kg8 19. Rxf6 Bxf6 20. Qxe8 Bxc3 21. bxc3 Qf7 22. Qd8 Qd7 23. Qg5+ Qg7 24. Qd8 b6 25.
Rf1 Bb7 26. Qh4 c5 27. Rf4 Qxg2# 0-1

[Event "Early-Titled-Tuesday-Blitz-October-17-2023"]
[Site "Chess.com"]
[Date "2023.10.17"]
[Round "11"]
[White "mfwagnerpeixoto"]
[Black "Tagliata"]
[Result "1-0"]
[WhiteElo "2318"]
[BlackElo "2135"]
[TimeControl "180+1"]
[EndTime "10:08:35 PDT"]
[Termination "mfwagnerpeixoto won by resignation"]

1. e4 c5 2. Nf3 Nc6 3. Bb5 e6 4.
O-O Nge7 5. Re1 Nd4 6. Nxd4 cxd4 7. c3 a6 8. Bf1 Nc6 9. cxd4 Nxd4 10. Nc3 Bc5 11.
d3 O-O 12. Be3 e5 13. Nd5 d6 14. b4 Ba7 15. Rc1 Bd7 16. f4 exf4 17. Nxf4 Rc8 18. Rxc8 Bxc8 19. Nd5 Be6 20. Nf4 Bd7 21. Nd5 Bc6 22. Nf4 Bb6 23. a4 Ne6 24. Nxe6 fxe6 25. Qg4 Bxe3+ 26. Rxe3 Qb6 27. Qxe6+ Kh8 28. Qh3 Bxa4 29.
g4 Qxb4 30. Rf3 Qd4+ 31. Kg2 Qb2+ 32. Kh1 Rxf3 33. Qxf3 Qf6 34. Qe2 Bc6 35. Kg2 d5 36.
e5 d4+ 37. Kg3 Qg5 38. e6 Kg8 39. Bg2 Bxg2 40. e7 1-0